 Dungeon Sprint DCSS version 0.29-a0-512-gf59ac788ac (webtiles) character file.

Game seed: 15392022573260651478

1169 mhtbhm the Grappler (level 7, -5/55 HPs)
             Began as a Demigod Transmuter on May 29, 2022.
             Slain by a deep troll (14 damage)
             ... in the Dungeon (Sprint I: "Red Sonja").
             The game lasted 00:02:37 (1114 turns).

mhtbhm the Grappler (Demigod Transmuter)            Turns: 1114, Time: 00:02:38

Health: -5/55      AC:  3    Str: 19    XL:     7   Next: 96%
Magic:  20/20      EV: 14    Int: 15    God:
Gold:   622        SH:  0    Dex: 14    Spells: 8/18 levels left

rFire   . . .      SeeInvis .     - Unarmed
rCold   . . .      Faith    .   (no shield)
rNeg    . . .      Spirit   .   a - +0 leather armour
rPois   .          Reflect  .   (no helmet)
rElec   .          Harm     .   (no cloak)
rCorr   .          Rampage  .   (no gloves)
Will    .....      NoTele   +   (no boots)
Stlth   +++.......              (no amulet)
HPRegen 0.18/turn               (no ring)
MPRegen 0.17/turn               (no ring)

@: hasted, very quick
A: high MP 1, forlorn, divine attributes
a: no special abilities


You were in the Dungeon.
You visited 1 branch You collected 622 gold pieces.

Inventory:

Armour
 a - a +0 leather armour (worn)
Wands
 g - a wand of paralysis (1)
Potions
 b - a potion of lignification
 d - 2 potions of curing
 f - 2 potions of magic
 i - a potion of flight {unknown}
 j - a potion of mutation {unknown}


   Skills:
 + Level 2.2 Fighting
 + Level 2.7 Armour
 + Level 5.5 Dodging
 + Level 6.9 Stealth
 + Level 10.8 Unarmed Combat
 + Level 6.3 Spellcasting
 + Level 6.3 Transmutations
 + Level 0.3 Evocations


You had 8 spell levels left.
You knew the following spells:

 Your Spells              Type           Power      Damage    Failure   Level
a - Beastly Appendage     Tmut           46%        N/A       1%          1
b - Wereblood             Tmut           23%        N/A       1%          2
c - Spider Form           Tmut/Pois      14%        N/A       14%         3
d - Ice Form              Ice/Tmut       14%        N/A       41%         4

Your spell library contained the following spells:

 Spells                   Type           Power      Damage    Failure   Level


Dungeon Overview and Level Annotations

Branches:
Dungeon (1/1)

Shops:
D !(


Innate Abilities, Weirdness & Mutations

You have an increased reservoir of magic. (+10% MP)
You shall have no god before yourself.
Your divine heritage dramatically boosts your attributes as you level up.


Message History

The deep troll easily resists.
Unknown command.
The deep troll looks more healthy.
There is an entrance to Buamupuv's Distillery here.
Aiming: Paralyse
Press: ? - help, Shift-Dir - straight line, f/p - deep troll
Aim: a deep troll (moderately wounded, chance to affect: 32%)
The deep troll easily resists.
Unknown command.
Unknown command.
Unknown command.
Aiming: Paralyse
Press: ? - help, Shift-Dir - straight line, f/p - deep troll
Aim: a deep troll (moderately wounded, chance to affect: 32%)
The deep troll easily resists.
The deep troll misses you. The deep troll closely misses you. x2
Unknown command.
Unknown command.
Unknown command.
Aiming: Paralyse
Press: ? - help, Shift-Dir - straight line, f/p - deep troll
Aim: a deep troll (moderately wounded, chance to affect: 32%)
The deep troll easily resists.
The deep troll barely misses you. The deep troll claws you.
The deep troll claws you!
* * * LOW HITPOINT WARNING * * *
Unknown command.
Unknown command.
Aiming: Paralyse
Press: ? - help, Shift-Dir - straight line, f/p - deep troll
Aim: a deep troll (lightly wounded, chance to affect: 32%)
The deep troll easily resists.
Unknown command.
Unknown command.
Aiming: Paralyse
Press: ? - help, Shift-Dir - straight line, f/p - deep troll
Aim: a deep troll (lightly wounded, chance to affect: 32%)
The deep troll easily resists.
The deep troll bites you.
* * * LOW HITPOINT WARNING * * *
The deep troll barely misses you. The deep troll claws you!
You die...

#..#####'#####÷#__
#..####..#...#[###
#..#__####..##.#
#..#_____##'#_.+
#⌠⌠#_.∩...'..._#
####_..__##_.#'#
#_____###'#.#
############.####+
#@T.......'.).'$$(
###++++####...####
###.### #.#'#.#
#.....# #..[..#
#######


You could see a deep troll.

Vanquished Creatures
  Sonja (D)
  A slime creature (D)
  Sigmund (D)
  A yak (D)
  An ogre (D)
  A jelly (D)
  Ijyb (D)
7 creatures vanquished.

Vanquished Creatures (others)
  2 ballistomycete spores (D)
2 creatures vanquished.

Grand Total: 9 creatures vanquished

Notes
Turn   | Place    | Note
-------+----------+-------------------------------------------
     0 | D        | mhtbhm the Demigod Transmuter began the quest for the Orb.
     0 | D        | Reached XP level 1. HP: 15/15 MP: 5/5
     3 | D        | Noticed Ijyb
     6 | D        | Paralysed by Ijyb for 3 turns
    13 | D        | Killed Ijyb
    14 | D        | Reached skill level 1 in Fighting
    14 | D        | Reached skill level 4 in Unarmed Combat
    14 | D        | Reached XP level 2. HP: 19/23 MP: 5/8
    62 | D        | Learned a level 2 spell: Wereblood
   157 | D        | Noticed an ogre
   163 | D        | Killed an ogre
   164 | D        | Reached skill level 6 in Unarmed Combat
   164 | D        | Reached XP level 3. HP: 28/28 MP: 6/11
   164 | D        | Reached XP level 4. HP: 35/35 MP: 6/12
   165 | D        | Noticed Sigmund
   172 | D        | Killed Sigmund
   173 | D        | Reached skill level 8 in Unarmed Combat
   173 | D        | Reached XP level 5. HP: 32/40 MP: 8/15
   180 | D        | Noticed a slime creature
   189 | D        | Killed a slime creature
   190 | D        | Reached skill level 9 in Unarmed Combat
   190 | D        | Reached skill level 5 in Spellcasting
   190 | D        | Reached skill level 5 in Transmutations
   190 | D        | Reached XP level 6. HP: 15/47 MP: 9/17
   411 | D        | Learned a level 3 spell: Spider Form
   416 | D        | Learned a level 4 spell: Ice Form
   447 | D        | Found Hixtatz's Antique Weapon Emporium.
   447 | D        | Noticed a yak
   728 | D        | Killed a yak
   729 | D        | Reached skill level 1 in Armour
   729 | D        | Reached skill level 5 in Dodging
   729 | D        | Reached skill level 5 in Stealth
   729 | D        | Reached XP level 7. HP: 32/53 MP: 15/19
   951 | D        | Noticed Sonja
   957 | D        | Killed Sonja
   958 | D        | Reached skill level 10 in Unarmed Combat
   976 | D        | Found Buamupuv's Distillery.
  1088 | D        | Noticed a deep troll
  1114 | D        | Slain by a deep troll

Illustrated notes

Levels and vault maps discovered:
D:        dungeon_sprint_1 [red_sonja_temple_1, red_sonja_temple_small_1]

Skill      XL: |  1  2  3  4  5  6  7 |
---------------+----------------------+-----
Fighting       | 1 2 |  2.2
Dodging        | 2 3 4 5 |  5.5
Unarmed Combat | 4 6 8 9 10 | 10.8
Spellcasting   | 2 3 4 5 6 |  6.3
Transmutations | 2 3 4 5 6 |  6.3
Stealth        | 2 3 4 5 6 |  6.9
Armour         | 1 2 |  2.7
Evocations     | |  0.3

Action                   |  1- 3 |  4- 6 |  7- 9 || total
-------------------------+-------+-------+-------++-------
Melee: Unarmed           |     8 |    31 |     2 ||    41
       Kick              |     4 |     8 |     1 ||    13
       Punch             |     1 |     3 |       ||     4
       Headbutt          |     1 |     1 |     1 ||     3
Throw: Dart              |       |       |     3 ||     3
 Cast: Beastly Appendage |     2 |     2 |     1 ||     5
       Wereblood         |     1 |     2 |       ||     3
Evoke: Wand              |     1 |       |    11 ||    12
  Use: Potion            |     2 |     2 |     1 ||     5
       Scroll            |       |     1 |       ||     1
 Stab: Paralysed         |     3 |       |     2 ||     5
       Sleeping          |       |     2 |       ||     2
Armor: Leather armour    |       |     3 |       ||     3
Dodge: Dodged            |       |     8 |     5 ||    13

Table legend: (Time is in decaauts)
 A = Elapsed time spent in this place.
 B = Non-inter-level travel time spent in this place.
 C = Inter-level travel time spent in this place.
 D = Time resting spent in this place.
 E = Time spent auto-exploring this place.
 F = Levels seen in this place.
 G = Mean time per level.
                   A        B        C        D        E       F      G
               +--------+--------+--------+--------+--------+-----+--------+
         Total |   1101 |   1101 |      0 |    783 |      0 |   1 | 1101.0 |
       Dungeon |   1101 |   1101 |      0 |    783 |      0 |   1 | 1101.0 |
               +--------+--------+--------+--------+--------+-----+--------+

Top non-repeatable levels by time:
       D: 1101 daAuts
